[ AOE2 MATCH · #507012344 ]
UnrankedGurjaras vs Bulgarians
Player's team · WIN
[ REPLAY ANALYSIS · EXTRACTED FROM THE RECORDED GAME ]
Feudal
9:44
Castle
24:29
Imperial
48:58
| APM avg | 43.8 |
| APM peak | 83 |
| eAPM avg | 26.3 |
| Villagers / military | 205 / 153 |
Focus
⚔️ 31.1% · 🌾 68.9%
Elephant Archer ×62 · Shrivamsha Rider ×32 · Scout Cavalry ×31 · Armored Elephant ×11 · Archer ×4 · Militia ×3
Feudal
9:53
Castle
21:28
Imperial
47:06
| APM avg | 43.9 |
| APM peak | 104 |
| eAPM avg | 22.1 |
| Villagers / military | 154 / 176 |
Focus
⚔️ 29.4% · 🌾 70.6%
Skirmisher ×87 · Konnik ×52 · Militia ×22 · Battering Ram ×7 · Monk ×6 · Cavalry Archer ×2
Match map
Initial resources + every placement click. Lines = walls · curves = elevation contours. ◆ gold · ⬟ stone · ● berries · ✦ relic · ◌ wall gap
Your base· ✓ Closed at 24:29 · 92t walls · no gate
[AoT]Mikuri's base· Open — opponent sealed themselves in
Smoothed initial terrain · ◌ = detected wall gap · hover for details
Inputs per minute
— baoquanghuy1605 - - [AoT]Mikuri
Build order — baoquanghuy1605
First 150 of 724 actions detected
| 0:01 | Queue | Villager (Male) |
| 0:01 | Queue | Villager (Male) |
| 0:02 | Queue | Villager (Male) |
| 0:04 | Build | House |
| 0:06 | Build | House |
| 0:28 | Queue | Villager (Male) |
| 1:37 | Queue | Villager (Male) |
| 2:06 | Queue | Villager (Male) |
| 2:11 | Build | Lumber Camp |
| 2:27 | Queue | Villager (Male) |
| 2:55 | Queue | Villager (Male) |
| 2:55 | Queue | Villager (Male) |
| 3:21 | Queue | Villager (Male) |
| 3:31 | Build | House |
| 3:49 | Queue | Villager (Male) |
| 4:13 | Queue | Villager (Male) |
| 4:14 | Queue | Villager (Male) |
| 4:59 | Queue | Villager (Male) |
| 5:10 | Build | Mill |
| 5:22 | Queue | Villager (Male) |
| 5:39 | Queue | Villager (Male) |
| 6:14 | Research | Loom |
| 6:44 | Build | Barracks |
| 6:56 | Queue | Villager (Male) |
| 7:34 | Research | Feudal Age |
| 7:35 | Research | Feudal Age |
| 7:37 | Build | Mining Camp |
| 7:50 | Build | Palisade Wall |
| 7:50 | Build | Palisade Wall |
| 7:56 | Build | Palisade Wall |
| 8:05 | Build | Palisade Wall |
| 8:05 | Build | Palisade Wall |
| 8:11 | Queue | Militia |
| 8:25 | Build | House |
| 8:38 | Queue | Militia |
| 8:42 | Build | House |
| 8:48 | Build | House |
| 8:58 | Queue | Militia |
| 9:08 | Build | Palisade Wall |
| 9:08 | Build | Palisade Wall |
| 9:12 | Build | Palisade Wall |
| 9:15 | Build | Palisade Wall |
| 9:17 | Build | Palisade Wall |
| 9:44 | Age | Feudal Age |
| 9:47 | Queue | Villager (Male) |
| 9:48 | Research | Man-at-Arms (upgrade) |
| 9:49 | Research | Man-at-Arms (upgrade) |
| 10:06 | Build | House |
| 10:09 | Build | Palisade Wall |
| 10:28 | Queue | Villager (Male) |
| 10:47 | Queue | Villager (Male) |
| 11:19 | Build | Archery Range |
| 11:19 | Queue | Villager (Male) |
| 11:37 | Research | Double-Bit Axe |
| 11:37 | Research | Double-Bit Axe |
| 11:43 | Queue | Villager (Male) |
| 12:08 | Queue | Villager (Male) |
| 12:29 | Queue | Villager (Male) |
| 12:31 | Queue | Skirmisher |
| 12:46 | Build | Mining Camp |
| 12:49 | Queue | Villager (Male) |
| 12:55 | Build | Farm |
| 12:58 | Build | Farm |
| 13:19 | Queue | Villager (Male) |
| 13:39 | Queue | Archer |
| 13:47 | Build | Blacksmith |
| 13:51 | Queue | Villager (Male) |
| 13:57 | Build | House |
| 14:06 | Build | Watch Tower |
| 14:13 | Queue | Archer |
| 14:17 | Build | Farm |
| 14:18 | Queue | Villager (Male) |
| 14:20 | Build | Farm |
| 14:41 | Queue | Villager (Male) |
| 14:49 | Queue | Archer |
| 14:57 | Build | House |
| 15:11 | Queue | Archer |
| 15:18 | Research | Fletching |
| 15:26 | Build | House |
| 15:29 | Build | House |
| 15:39 | Queue | Villager (Male) |
| 15:42 | Build | House |
| 15:50 | Build | Watch Tower |
| 16:10 | Queue | Villager (Male) |
| 16:12 | Build | Market |
| 16:14 | Build | House |
| 16:15 | Build | Palisade Wall |
| 16:16 | Build | Palisade Wall |
| 16:22 | Build | Palisade Wall |
| 16:31 | Build | Farm |
| 16:32 | Build | Farm |
| 16:33 | Queue | Villager (Male) |
| 17:01 | Queue | Villager (Male) |
| 17:31 | Build | Watch Tower |
| 17:41 | Queue | Villager (Male) |
| 17:43 | Build | Farm |
| 17:54 | Build | Farm |
| 18:05 | Queue | Villager (Male) |
| 18:17 | Build | House |
| 18:18 | Build | Palisade Wall |
| 18:26 | Build | Farm |
| 18:29 | Build | Lumber Camp |
| 18:36 | Build | House |
| 18:38 | Build | House |
| 18:40 | Build | Palisade Wall |
| 18:40 | Build | Palisade Wall |
| 18:49 | Build | House |
| 18:53 | Build | House |
| 18:54 | Queue | Villager (Male) |
| 18:57 | Build | Stone Wall |
| 18:59 | Build | Stone Wall |
| 19:00 | Build | Stone Wall |
| 19:01 | Build | Stone Wall |
| 19:02 | Build | Stone Wall |
| 19:11 | Build | Farm |
| 19:13 | Research | Wheelbarrow |
| 19:13 | Research | Wheelbarrow |
| 19:38 | Build | Watch Tower |
| 19:42 | Build | Farm |
| 19:46 | Build | House |
| 19:48 | Build | Palisade Wall |
| 19:49 | Build | Palisade Wall |
| 19:50 | Build | Palisade Wall |
| 20:04 | Build | Stone Wall |
| 20:04 | Build | Stone Wall |
| 20:05 | Build | Stone Wall |
| 20:06 | Build | Stone Wall |
| 20:08 | Build | Stone Wall |
| 20:18 | Build | Watch Tower |
| 20:38 | Queue | Villager (Male) |
| 21:13 | Queue | Villager (Male) |
| 21:50 | Research | Castle Age |
| 21:50 | Research | Castle Age |
| 21:50 | Research | Castle Age |
| 22:00 | Build | Stone Wall |
| 22:01 | Build | Stone Wall |
| 22:01 | Build | Stone Wall |
| 22:03 | Build | Stone Wall |
| 22:04 | Build | Stone Wall |
| 22:04 | Build | Stone Wall |
| 22:19 | Build | Stable |
| 22:21 | Build | Stable |
| 22:32 | Build | Stone Wall |
| 22:33 | Build | Stone Wall |
| 22:34 | Build | Stone Wall |
| 22:35 | Build | Stone Wall |
| 22:36 | Build | Stone Wall |
| 22:37 | Build | Stone Wall |
| 22:38 | Build | Stone Wall |
| 22:49 | Research | Horse Collar |
Build order — [AoT]Mikuri
First 150 of 411 actions detected
| 0:01 | Queue | Villager (Male) |
| 0:01 | Queue | Villager (Male) |
| 0:01 | Queue | Villager (Male) |
| 0:02 | Queue | Villager (Male) |
| 0:03 | Build | House |
| 0:05 | Build | House |
| 1:29 | Queue | Villager (Male) |
| 1:54 | Queue | Villager (Male) |
| 2:09 | Build | Lumber Camp |
| 2:26 | Queue | Villager (Male) |
| 2:48 | Queue | Villager (Male) |
| 2:48 | Queue | Villager (Male) |
| 3:00 | Queue | Villager (Male) |
| 3:12 | Build | House |
| 3:36 | Queue | Villager (Male) |
| 4:01 | Queue | Villager (Male) |
| 4:01 | Queue | Villager (Male) |
| 4:48 | Queue | Villager (Male) |
| 4:48 | Queue | Villager (Male) |
| 4:48 | Queue | Villager (Male) |
| 5:00 | Build | Mill |
| 5:29 | Queue | Villager (Male) |
| 6:06 | Queue | Villager (Male) |
| 6:13 | Build | Barracks |
| 6:22 | Research | Loom |
| 6:29 | Build | House |
| 7:07 | Queue | Villager (Male) |
| 7:40 | Research | Feudal Age |
| 7:53 | Queue | Militia |
| 8:07 | Build | House |
| 8:08 | Build | Palisade Wall |
| 8:13 | Queue | Militia |
| 8:39 | Queue | Militia |
| 8:52 | Queue | Villager (Male) |
| 9:04 | Build | House |
| 9:06 | Build | House |
| 9:29 | Build | Farm |
| 9:53 | Age | Feudal Age |
| 10:05 | Queue | Villager (Male) |
| 10:08 | Build | Archery Range |
| 10:11 | Build | Farm |
| 10:23 | Queue | Villager (Male) |
| 10:43 | Queue | Villager (Male) |
| 10:49 | Build | Blacksmith |
| 10:50 | Build | House |
| 10:53 | Build | Farm |
| 10:54 | Build | Farm |
| 10:58 | Build | House |
| 10:59 | Queue | Villager (Male) |
| 11:08 | Research | Double-Bit Axe |
| 11:13 | Queue | Skirmisher |
| 11:13 | Queue | Skirmisher |
| 11:33 | Build | Farm |
| 11:34 | Queue | Villager (Male) |
| 11:43 | Build | Palisade Wall |
| 11:47 | Build | Farm |
| 12:00 | Build | Farm |
| 12:02 | Queue | Villager (Male) |
| 12:23 | Queue | Skirmisher |
| 12:26 | Build | House |
| 12:35 | Queue | Skirmisher |
| 12:36 | Queue | Villager (Male) |
| 12:44 | Build | Market |
| 12:45 | Build | Palisade Wall |
| 12:49 | Queue | Skirmisher |
| 13:12 | Queue | Villager (Male) |
| 13:16 | Build | Farm |
| 13:19 | Build | Farm |
| 13:27 | Queue | Skirmisher |
| 13:28 | Queue | Villager (Male) |
| 13:36 | Build | Farm |
| 13:46 | Build | Mining Camp |
| 13:47 | Queue | Villager (Male) |
| 13:57 | Queue | Villager (Male) |
| 14:03 | Build | House |
| 14:10 | Build | Palisade Wall |
| 14:14 | Build | House |
| 14:16 | Build | Palisade Wall |
| 14:18 | Build | Palisade Wall |
| 14:23 | Queue | Villager (Male) |
| 14:29 | Queue | Skirmisher |
| 14:29 | Queue | Skirmisher |
| 14:29 | Queue | Villager (Male) |
| 14:34 | Build | Farm |
| 14:38 | Build | House |
| 14:45 | Build | House |
| 15:23 | Build | House |
| 15:34 | Build | Lumber Camp |
| 15:39 | Queue | Villager (Male) |
| 15:50 | Build | Farm |
| 16:17 | Build | Farm |
| 16:18 | Queue | Villager (Male) |
| 16:22 | Queue | Villager (Male) |
| 16:44 | Queue | Villager (Male) |
| 16:48 | Build | Farm |
| 16:56 | Queue | Villager (Male) |
| 17:23 | Build | Farm |
| 17:25 | Build | Farm |
| 17:26 | Build | Farm |
| 17:27 | Build | Farm |
| 17:32 | Build | Farm |
| 17:45 | Queue | Villager (Male) |
| 17:55 | Build | Farm |
| 18:12 | Build | Farm |
| 18:14 | Queue | Villager (Male) |
| 18:34 | Research | Castle Age |
| 18:49 | Research | Fletching |
| 18:53 | Queue | Villager (Male) |
| 19:08 | Queue | Villager (Male) |
| 19:27 | Build | Watch Tower |
| 19:31 | Queue | Villager (Male) |
| 19:35 | Queue | Skirmisher |
| 19:35 | Queue | Skirmisher |
| 19:36 | Queue | Villager (Male) |
| 19:52 | Build | Lumber Camp |
| 20:13 | Queue | Villager (Male) |
| 20:58 | Queue | Villager (Male) |
| 21:28 | Age | Castle Age |
| 21:36 | Queue | Villager (Male) |
| 21:57 | Build | Town Center |
| 21:59 | Queue | Villager (Male) |
| 22:02 | Queue | Villager (Male) |
| 22:11 | Queue | Villager (Male) |
| 22:20 | Build | Siege Workshop |
| 22:26 | Queue | Villager (Male) |
| 22:34 | Research | Gold Mining |
| 22:39 | Research | Bodkin Arrow |
| 22:42 | Queue | Cavalry Archer |
| 22:43 | Queue | Cavalry Archer |
| 22:51 | Queue | Militia |
| 22:51 | Queue | Militia |
| 22:59 | Queue | Battering Ram |
| 23:06 | Queue | Villager (Male) |
| 23:37 | Queue | Villager (Male) |
| 24:02 | Queue | Battering Ram |
| 24:02 | Queue | Villager (Male) |
| 24:07 | Research | Squires |
| 24:08 | Queue | Militia |
| 24:08 | Queue | Militia |
| 24:15 | Queue | Villager (Male) |
| 24:21 | Research | Padded Archer Armor |
| 24:39 | Queue | Militia |
| 24:45 | Queue | Villager (Male) |
| 25:15 | Queue | Villager (Male) |
| 25:18 | Queue | Battering Ram |
| 25:22 | Queue | Militia |
| 25:23 | Queue | Militia |
| 26:11 | Research | Scale Mail Armor |
| 26:12 | Research | Forging |
| 26:14 | Research | Gambesons |
Match timeline
| 6:13 | [AoT]Mikuri · first_building Barracks |
| 6:44 | baoquanghuy1605 · first_building Barracks |
| 7:50 | baoquanghuy1605 · wall_segment Palisade Wall x3 |
| 7:50 | baoquanghuy1605 · wall_segment Palisade Wall x1 |
| 7:56 | baoquanghuy1605 · wall_segment Palisade Wall x2 |
| 8:05 | baoquanghuy1605 · wall_segment Palisade Wall x11 |
| 8:05 | baoquanghuy1605 · wall_segment Palisade Wall x1 |
| 8:08 | [AoT]Mikuri · wall_segment Palisade Wall x6 |
| 9:08 | baoquanghuy1605 · wall_segment Palisade Wall x4 |
| 9:08 | baoquanghuy1605 · wall_segment Palisade Wall x1 |
| 9:12 | baoquanghuy1605 · wall_segment Palisade Wall x3 |
| 9:15 | baoquanghuy1605 · wall_segment Palisade Wall x4 |
| 9:17 | baoquanghuy1605 · wall_segment Palisade Wall x4 |
| 9:44 | baoquanghuy1605 · age_up feudal |
| 9:53 | [AoT]Mikuri · age_up feudal |
| 10:08 | [AoT]Mikuri · first_building Archery Range |
| 10:09 | baoquanghuy1605 · wall_segment Palisade Wall x1 |
| 11:19 | baoquanghuy1605 · first_building Archery Range |
| 11:43 | [AoT]Mikuri · wall_segment Palisade Wall x4 |
| 12:45 | [AoT]Mikuri · wall_segment Palisade Wall x1 |
| 14:10 | [AoT]Mikuri · wall_segment Palisade Wall x4 |
| 14:16 | [AoT]Mikuri · wall_segment Palisade Wall x3 |
| 14:18 | [AoT]Mikuri · wall_segment Palisade Wall x3 |
| 16:15 | baoquanghuy1605 · wall_segment Palisade Wall x5 |
| 16:16 | baoquanghuy1605 · wall_segment Palisade Wall x1 |
| 16:22 | baoquanghuy1605 · wall_segment Palisade Wall x1 |
| 18:18 | baoquanghuy1605 · wall_segment Palisade Wall x1 |
| 18:32 | [AoT]Mikuri · first_market_sell 100 wood |
| 18:32 | [AoT]Mikuri · first_market_buy 100 food |
| 18:40 | baoquanghuy1605 · wall_segment Palisade Wall x10 |
| 18:40 | baoquanghuy1605 · wall_segment Palisade Wall x1 |
| 18:57 | baoquanghuy1605 · wall_segment Stone Wall x1 |
| 18:59 | baoquanghuy1605 · wall_segment Stone Wall x1 |
| 19:00 | baoquanghuy1605 · wall_segment Stone Wall x1 |
| 19:01 | baoquanghuy1605 · wall_segment Stone Wall x1 |
| 19:02 | baoquanghuy1605 · wall_segment Stone Wall x1 |
| 19:48 | baoquanghuy1605 · wall_segment Palisade Wall x7 |
| 19:49 | baoquanghuy1605 · wall_segment Palisade Wall x6 |
| 19:50 | baoquanghuy1605 · wall_segment Palisade Wall x1 |
| 20:04 | baoquanghuy1605 · wall_segment Stone Wall x2 |
| 20:04 | baoquanghuy1605 · wall_segment Stone Wall x1 |
| 20:05 | baoquanghuy1605 · wall_segment Stone Wall x4 |
| 20:06 | baoquanghuy1605 · wall_segment Stone Wall x3 |
| 20:08 | baoquanghuy1605 · wall_segment Stone Wall x1 |
| 20:23 | baoquanghuy1605 · first_market_buy 100 food |
| 21:28 | [AoT]Mikuri · age_up castle |
| 22:00 | baoquanghuy1605 · wall_segment Stone Wall x2 |
| 22:01 | baoquanghuy1605 · wall_segment Stone Wall x3 |
| 22:01 | baoquanghuy1605 · wall_segment Stone Wall x1 |
| 22:03 | baoquanghuy1605 · wall_segment Stone Wall x3 |
| 22:04 | baoquanghuy1605 · wall_segment Stone Wall x2 |
| 22:04 | baoquanghuy1605 · wall_segment Stone Wall x1 |
| 22:19 | baoquanghuy1605 · first_building Stable |
| 22:20 | [AoT]Mikuri · first_building Siege Workshop |
| 22:32 | baoquanghuy1605 · wall_segment Stone Wall x1 |
| 22:33 | baoquanghuy1605 · wall_segment Stone Wall x1 |
| 22:34 | baoquanghuy1605 · wall_segment Stone Wall x1 |
| 22:35 | baoquanghuy1605 · wall_segment Stone Wall x1 |
| 22:36 | baoquanghuy1605 · wall_segment Stone Wall x1 |
| 22:37 | baoquanghuy1605 · wall_segment Stone Wall x1 |
| 22:38 | baoquanghuy1605 · wall_segment Stone Wall x1 |
| 24:29 | baoquanghuy1605 · age_up castle |
| 25:29 | baoquanghuy1605 · wall_segment Stone Wall x1 |
| 25:30 | baoquanghuy1605 · wall_segment Stone Wall x3 |
| 25:31 | baoquanghuy1605 · wall_segment Stone Wall x3 |
| 25:33 | baoquanghuy1605 · wall_segment Stone Wall x1 |
| 25:52 | baoquanghuy1605 · wall_segment Palisade Wall x1 |
| 25:58 | baoquanghuy1605 · wall_segment Palisade Wall x1 |
| 25:59 | baoquanghuy1605 · wall_segment Palisade Wall x1 |
| 26:00 | baoquanghuy1605 · wall_segment Palisade Wall x1 |
| 26:01 | baoquanghuy1605 · wall_segment Palisade Wall x1 |
| 26:02 | baoquanghuy1605 · wall_segment Palisade Wall x1 |
| 28:45 | baoquanghuy1605 · first_building Siege Workshop |
| 29:14 | baoquanghuy1605 · wall_segment Stone Wall x1 |
| 29:16 | baoquanghuy1605 · wall_segment Stone Wall x1 |
| 29:20 | baoquanghuy1605 · wall_segment Stone Wall x1 |
| 29:46 | baoquanghuy1605 · wall_segment Stone Wall x1 |
| 30:06 | baoquanghuy1605 · wall_segment Stone Wall x1 |
| 30:07 | baoquanghuy1605 · wall_segment Stone Wall x1 |
| 30:08 | baoquanghuy1605 · wall_segment Stone Wall x1 |
| 30:08 | baoquanghuy1605 · wall_segment Stone Wall x1 |
| 30:10 | baoquanghuy1605 · wall_segment Stone Wall x1 |
| 31:18 | [AoT]Mikuri · first_building Krepost |
| 31:55 | baoquanghuy1605 · wall_segment Stone Wall x1 |
| 33:57 | [AoT]Mikuri · first_building Stable |
| 36:41 | [AoT]Mikuri · first_building Castle |
| 43:37 | [AoT]Mikuri · first_building Monastery |
| 47:06 | [AoT]Mikuri · age_up imperial |
| 48:58 | baoquanghuy1605 · age_up imperial |
| 49:34 | baoquanghuy1605 · first_building Castle |
| 50:36 | baoquanghuy1605 · first_building Monastery |
| 55:09 | [AoT]Mikuri · resign |
[ AI ANALYSIS · 1 CREDIT ]
What really happened in this match?
Wolo.gg analyzes every decision: build order, eco, micro, common mistakes by bracket. Personalized analysis on WhatsApp or Discord in 30 seconds.
Civ guide
Gurjaras
Perfil
Jugador #24357949